 Dungeon Crawl Stone Soup version 0.23.2-40-g277498a001 (webtiles) character file.

Game seed: 8393302233084940764

35 Martska the Chiller (level 3, -7/26 HPs)
             Began as a Merfolk Ice Elementalist on Sept 30, 2019.
             Shot with a stone by a goblin (9 damage)
             ... on level 2 of the Dungeon.
             The game lasted 00:05:10 (1755 turns).

Martska the Chiller (Merfolk Ice Elementalist)      Turns: 1755, Time: 00:05:11

Health: -7/26      AC:  2    Str:  8    XL:     3   Next: 35%
Magic:  4/6        EV: 13    Int: 14    God:
Gold:   73         SH:  0    Dex: 15    Spells: 3/6 levels left

rFire    . . .     SeeInvis .   b - +0 spear
rCold    . . .     Gourm    .   (no shield)
rNeg     . . .     Faith    .   a - +0 robe
rPois    .         Spirit   .   (no helmet)
rElec    .         Reflect  .   (no cloak)
rCorr    .         Harm     .   (no gloves)
MR       .....                  (no boots)
Stlth    ++........             (no amulet)
HPRegen  0.08/turn              (no ring)
MPRegen  0.10/turn              (no ring)

@: no status effects
A: change form in water, swift swim, stealthy swim
a: no special abilities


You were on level 2 of the Dungeon.
You were full.

You visited 1 branch of the dungeon, and saw 2 of its levels.

You collected 73 gold pieces.

Inventory:

Hand Weapons
 b - a +0 spear (weapon)
 e - a +0 hunting sling
Armour
 a - a +0 robe (worn)
Scrolls
 d - a scroll of fog {unknown}
 h - a scroll of identify {unknown}
 i - a scroll of fear {unknown}
 j - a scroll of remove curse {unknown}
Potions
 f - a potion of degeneration {unknown}
 g - 2 potions of curing {unknown}


   Skills:
 * Level 1.5 Fighting
 * Level 1.5 Polearms
 * Level 3.3 Dodging
 + Level 2.4 Stealth
 + Level 2.1 Spellcasting
 - Level 0.7 Conjurations
 + Level 3.4 Ice Magic


You had 3 spell levels left.
You knew the following spells:

 Your Spells              Type           Power        Failure   Level  Hunger
a - Freeze                Ice            ##..         6%          1    #......
b - Throw Frost           Conj/Ice       #.....       16%         2    ###....

Your spell library contained the following spells:

 Spells                   Type           Power        Failure   Level  Hunger
 Ozocubu's Armour         Chrm/Ice       #.......     34%         3    ###....
 Throw Icicle             Conj/Ice       #.......     69%         4    #####..
 Summon Ice Beast         Ice/Summ       #.......     75%         4    #####..


Dungeon Overview and Level Annotations

Branches:
Dungeon (2/15)

Altars:


Message History

The puff of frost misses the rat.
The goblin shoots a stone.
The stone barely misses you.
Casting: Throw Frost (safe; 16% risk of failure)
Confirm with . or Enter, or press ? or * to list all spells.
Okay, then.
You hit the rat.
The rat is heavily wounded.
The rat closely misses you.
The goblin shoots a stone.
The stone hits you.
You hit the rat.
You kill the rat!
The goblin shoots a stone.
The stone hits you.
The goblin shoots a stone.
The stone hits you.
* * * LOW HITPOINT WARNING * * *
You see here a stone.
The goblin shoots a stone.
The stone hits you.
* * * LOW HITPOINT WARNING * * *
You see here a stone.
The goblin shoots a stone.
The stone barely misses you.
The goblin shoots a stone.
The stone hits you!
You die...

##.
######..##
#.......g#
#?.......#
#........###
#...........
#........#
#......)(#
#...@..((#
#...(..((#
#........#
##########


You could see a goblin.

Vanquished Creatures
  2 dart slugs (D:1)
  3 orcs
  A bat (D:1)
  2 giant cockroaches (D:1)
  7 hobgoblins
  A kobold (D:1)
  A quokka (D:2)
  A frilled lizard (D:1)
  3 goblins (D:1)
  5 rats
26 creatures vanquished.

Notes
Turn   | Place    | Note
-------+----------+-------------------------------------------
     0 | D:1      | Martska the Merfolk Ice Elementalist began the quest for
                  | the Orb.
     0 | D:1      | Reached XP level 1. HP: 13/13 MP: 3/3
   315 | D:1      | Reached XP level 2. HP: 20/20 MP: 5/5
   349 | D:1      | Reached skill level 1 in Fighting
   461 | D:1      | Reached skill level 1 in Polearms
   876 | D:1      | Learned a level 2 spell: Throw Frost
  1239 | D:1      | Reached XP level 3. HP: 26/26 MP: 6/6
  1755 | D:2      | Shot with a stone by a goblin

Skill      XL: |  1  2 |
---------------+-------+-----
Fighting       | 1 |  1.5
Dodging        | 3 |  3.3
Polearms       | 1 |  1.5
Stealth        | |  2.4
Spellcasting   | |  2.1
Conjurations   | |  0.7
Ice Magic      | |  3.4

Action                   || total
-------------------------++-------
Melee: Spear             ||    76
       Unarmed           ||     2
 Cast: Freeze            ||    15
       Throw Frost       ||     4
 Stab: Sleeping          ||     1
  Eat: Chunk             ||     1
       Ration            ||     2
Armor: Robe              ||    12
Dodge: Dodged            ||    71
